 Dungeon Crawl Stone Soup version 0.27-a0-1196-g3e9cee4cb2 (webtiles) character file.

Game seed: 15974954139329351084

80 Tocho the Magician (level 4, 0/32 HPs)
             Began as a Djinni Fire Elementalist on May 30, 2021.
             Slain by an orc
             ... wielding a +1 war axe of freezing
              (1 damage)
             ... on level 3 of the Dungeon.
             The game lasted 00:05:06 (3918 turns).

Tocho the Magician (Djinni Fire Elementalist)       Turns: 3918, Time: 00:05:06

Health: 0/32       AC:  3    Str:  8    XL:     4   Next: 65%
Gold:   128        EV: 11    Int: 16    God:
                   SH:  0    Dex: 14

rFire    + + .     SeeInvis .   o - +0 short sword
rCold    x . .     Faith    .   (no shield)
rNeg     . . .     Spirit   .   h - +0 leather armour
rPois    ∞         Reflect  .   (no helmet)
rElec    .         Harm     .   (no cloak)
rCorr    .         Rampage  .   (no gloves)
Will     .....                  (boots unavailable)
Stlth    ++........             i - amulet of the acrobat
HPRegen  0.10/turn              (no ring)
MPRegen  0.00/turn              (no ring)

@: flying
A: sickness immunity, fire resistance 2, cold vulnerability 1, float, innate
caster, hp casting, extra vitality 1
a: no special abilities


You were on level 3 of the Dungeon.
You visited 1 branch of the dungeon, and saw 3 of its levels.

You collected 128 gold pieces.

Inventory:

Hand Weapons
 b - a +0 spear
 c - a +0 mace
 o - a +0 short sword (weapon)
Missiles
 f - 40 bolts
Armour
 a - a +0 robe
 h - a +0 leather armour (worn)
 q - a +0 helmet
Jewellery
 d - a ring of protection from cold
 i - an amulet of the acrobat (around neck)
Wands
 n - a wand of flame (19)
Scrolls
 e - a scroll of identify {unknown}
 k - a scroll of teleportation {unknown}
 p - 2 scrolls of amnesia {unknown}
Potions
 g - 2 potions of curing {unknown}
 j - a potion of magic {unknown}
 l - a potion of lignification {unknown}
 m - a potion of heal wounds {unknown}
 r - a potion of degeneration {unknown}


   Skills:
 * Level 1.2 Fighting
 + Level 2.3 Dodging
 + Level 1.9 Stealth
 * Level 1.3 Unarmed Combat
 + Level 3.3 Spellcasting


You couldn't memorise any spells.
You knew the following spells:

 Your Spells              Type           Power      Damage    Failure   Level
a - Foxfire               Conj/Fire      52%        2x1d6     7%          1
b - Conjure Flame         Conj/Fire      13%        6-21      21%         3
c - Inner Flame           Hex/Fire       13%        N/A       21%         3
d - Sticky Flame          Conj/Fire      13%        2d4       54%         4
e - Fireball              Conj/Fire      6%         3d5       88%         5
f - Shock                 Conj/Air       52%        1d6       7%          1
Your spell library was empty.

Dungeon Overview and Level Annotations

Branches:
Dungeon (3/15)

Altars:


Innate Abilities, Weirdness & Mutations

You are immune to sickness and miasma.
You are immune to poison.
Your flesh is very heat resistant. (rF++)
You are vulnerable to cold. (rC-)
You float through the air rather than walking.
You learn spells naturally, not from books.
Your magical power is your life essence.
You have superior vitality. (+4 HP)


Message History

Your foxfire dissipates! x2
You start resting.
Your foxfire dissipates! x2
You start resting.
HP restored.
You start waiting.
Done waiting.
You start waiting.
Done waiting.
You start waiting.
Done waiting.
You need no library to learn spells.
Casting: Foxfire (safe; 7% risk of failure)
Confirm with . or Enter, or press ? or * to list all spells.
Okay, then.
You fly downwards.
The orc wizard casts a spell at itself.
The orc wizard flickers and vanishes!
Deactivating autopickup; reactivate with Ctrl-A.
There is a stone staircase leading up here.
Casting: Foxfire (safe; 7% risk of failure)
Press: ? - help, Q - select action, (/) - cycle Dir - look around, f - activate You conjure some foxfire!
The foxfire hits the orc.
The orc is severely wounded.
You hit the orc but do no damage.
The orc is severely wounded.
You hit the orc but do no damage.
The orc is severely wounded.
The orc hits you with a +1 war axe of freezing!
The orc freezes you.
You hit the orc but do no damage.
The orc is severely wounded.
The orc hits you with a +1 war axe of freezing!
The orc freezes you.
* * * LOW HITPOINT WARNING * * *
The orc hits you with a +1 war axe of freezing.
* * * LOW HITPOINT WARNING * * *
The orc freezes you.
You die...

.#
.##
#..#
##...
#o..
#.o
#o#
#@#
#.#
#.#
#.#
#.#
#.#
#$#
...


You could see an orc wizard and 2 orcs.

Vanquished Creatures
  3 adders (D:2)
  A dart slug (D:2)
  An orc (D:2)
  3 bats (D:1)
  3 endoplasms (D:1)
  4 giant cockroaches
  5 goblins
  5 hobgoblins
  3 jackals (D:1)
  5 kobolds
  8 ball pythons
  2 frilled lizards
  2 rats (D:1)
45 creatures vanquished.

Vanquished Creatures (others)
  284 foxfires
284 creatures vanquished.

Grand Total: 329 creatures vanquished

Notes
Turn   | Place    | Note
-------+----------+-------------------------------------------
     0 | D:1      | Tocho the Djinni Fire Elementalist began the quest for the
                  | Orb.
     0 | D:1      | Reached XP level 1. HP: 15/15 MP: 0/0
   361 | D:1      | Reached XP level 2. HP: 14/21 MP: 0/0
  1244 | D:1      | Reached skill level 3 in Spellcasting
  1244 | D:1      | Reached XP level 3. HP: 21/25 MP: 0/0
  1244 | D:1      | Learned a level 1 spell: Shock
  1808 | D:1      | Found a faded altar of an unknown god.
  2698 | D:2      | Reached skill level 1 in Unarmed Combat
  2698 | D:2      | Reached XP level 4. HP: 26/31 MP: 0/0
  2850 | D:2      | Reached skill level 1 in Fighting
  3918 | D:3      | HP: 1/32 [orc/+1 war axe of freezing (3)]
  3918 | D:3      | Slain by an orc

Illustrated notes

Levels and vault maps discovered:
D:1:      dpeg_arrival_pond, layout_rooms, ebering_ecumenical_altar_rust
D:2:      layout_rooms, chequers_serial_rivers_small_3
D:3:      layout_loops_corners, yredelemnul_altar_generic, lemuel_tele_altar,
          uniq_sigmund

Skill      XL: |  1  2  3  4 |
---------------+-------------+-----
Spellcasting   | 3 |  3.3
Unarmed Combat | 1 |  1.3
Fighting       | 1 |  1.2
Dodging        | |  2.3
Stealth        | |  1.9

Action                   |  1- 3 |  4- 6 || total
-------------------------+-------+-------++-------
Melee: Short sword       |       |     7 ||     7
 Cast: Foxfire           |   124 |    38 ||   162
Armor: Robe              |     2 |       ||     2
       Leather armour    |       |     1 ||     1
Dodge: Dodged            |    11 |     3 ||    14

Table legend: (Time is in decaauts)
 A = Elapsed time spent in this place.
 B = Non-inter-level travel time spent in this place.
 C = Inter-level travel time spent in this place.
 D = Time resting spent in this place.
 E = Time spent auto-exploring this place.
 F = Levels seen in this place.
 G = Mean time per level.
                   A        B        C        D        E       F      G
               +--------+--------+--------+--------+--------+-----+--------+
         Total |   3918 |   3852 |     66 |   1391 |   2084 |   3 | 1306.0 |
       Dungeon |   3918 |   3852 |     66 |   1391 |   2084 |   3 | 1306.0 |
               +--------+--------+--------+--------+--------+-----+--------+

Top non-repeatable levels by time:
     D:1: 2075 daAuts
     D:2: 1835 daAuts
     D:3: 8 daAuts
